 Dungeon Crawl Stone Soup version 0.16.2-12-gd0ad4c3 (webtiles) character file.

116 Aelig the Sneak (level 5, -5/28 HPs)
             Began as a Tengu Wizard on Sept 17, 2015.
             Slain by Robin
             ... wielding a +0 short sword of electrocution
              (14 damage)
             ... on level 2 of the Dungeon on Sept 18, 2015.
             The game lasted 00:15:05 (4876 turns).

Aelig the Sneak (Tengu Wizard)                      Turns: 4876, Time: 00:15:05

Health: -5/28      AC:  4    Str:  7    XL:     5   Next: 0%
Magic:  7/13       EV: 12    Int: 18    God:
Gold:   93         SH:  0    Dex: 14    Spells: 3 memorised, 5 levels left

rFire  . . .     SeeInvis .     h - +0 dagger
rCold  . . .     Clarity  +     v - +0 robe
rNeg   . . .     SustAb   .     (no shield)
rPois  .         Gourm    .     b - +0 hat
rElec  .         Spirit   .     (no cloak)
rCorr  .         Warding  .     x - +1 pair of gloves
rMut   .         Stasis   .     (boots unavailable)
MR     .....                    s - amulet of clarity
Stlth  +++.......               (no ring)
                                (no ring)

@: not resistant to hostile enchantments, fairly stealthy
A: able to fly, beak, talons 3
a: Fly


You were on level 2 of the Dungeon.
You were very hungry.

You visited 1 branch of the dungeon, and saw 4 of its levels.

You collected 93 gold pieces.

Inventory:

Hand weapons
 h - a +0 dagger (weapon)
Missiles
 u - 45 stones (quivered)
Armour
 b - a +0 hat (worn)
 v - a +0 robe (worn)
 x - a +1 pair of gloves (worn)
Jewellery
 j - an uncursed ring of poison resistance {unknown}
 s - an amulet of clarity (around neck)
Scrolls
 i - 2 scrolls of identify
 k - 2 scrolls of noise
 p - a scroll of random uselessness
Potions
 e - a potion of cure mutation {unknown}
 l - a potion of lignification
 o - 2 potions of curing {unknown}
 q - a potion of heal wounds
 r - a potion of brilliance {unknown}
Books
 c - a book of Minor Magic

   Spells                             Type                      Level
   a - Magic Dart                     Conjuration                  1
   b - Blink                          Translocation                2
   c - Call Imp                       Summoning                    2
   d - Repel Missiles                 Charms/Air                   2
   e - Slow                           Hexes                        2
   f - Conjure Flame                  Conjuration/Fire             3
   g - Mephitic Cloud                 Conjuration/Poison/Air       3
Comestibles
 a - a meat ration
 d - 3 bread rations
 g - a royal jelly
 n - a slice of pizza


   Skills:
 + Level 3.2 Short Blades
 - Level 2.1 Dodging
 - Level 4.0 Stealth
 - Level 3.0 Spellcasting
 - Level 1.3 Conjurations
   Level 1.2 Summonings
 - Level 0.7 Translocations


You had 5 spell levels left.
You knew the following spells:

 Your Spells              Type           Power        Failure   Level  Hunger
a - Magic Dart            Conj           #...         12%         1    None
b - Blink                 Tloc           N/A          21%         2    ##.....
c - Repel Missiles        Chrm/Air       #.....       28%         2    ##.....


Dungeon Overview and Level Annotations

Branches:
Dungeon (4/15)
 Temple: D:4-7

Altars:
Nemelex Xobeh
Okawaru
Yredelemnul

Annotations:
D:2 Robin
D:3 Charly's ghost, weakling GrTm


Innate Abilities, Weirdness & Mutations

You can fly.
You have a beak for a mouth.
You have claws for feet.


Message History

The magic dart hits Robin.
Robin is heavily wounded.
Robin closely misses you.
Casting: Magic Dart
Confirm with . or Enter, or press ? or * to list all spells.
Aiming: Magic Dart
Press: ? - help, Shift-Dir - straight line, f/p - Robin
Aim: Robin, wielding a short sword of electrocution, wearing an animal skin and wearing a glowing helmet (heavily wounded)
The magic dart hits Robin.
Robin is heavily wounded.
The hobgoblin shouts!
Robin hits you but does no damage.
You are electrocuted!
Ouch! That really hurt!
Robin roars a battlecry!
The hobgoblin goes into a battle-frenzy!
You hear a shout! x2
You see here a club.
Robin hits you but does no damage.
You are electrocuted!
Ouch! That really hurt!
You die...

#.# #..#.##..#.#+##. ..
#g##..##.###.#.# #. ...
######g#..# #..##.#.# +. .
............# ##..#.#.####.
g.g... #....######..##......
g.g...######l#....Z.....#.#####
g..#.......#######...........
#.......gg###....#.########
#.........@................
#......<..##########....###
#.........# .### ##.......## #
#########


You could see Robin, a hobgoblin (frenzied) and a giant newt.

Vanquished Creatures
  An adder (D:3)
  A giant mite (D:3)
  A worm (D:2)
  2 giant geckos
  An ooze (D:2)
  9 orcs
  11 bats
  6 goblins
  7 hobgoblins
  11 jackals
  3 ball pythons
  5 giant cockroaches
  A giant gecko skeleton (D:4)
  5 giant newts
  8 kobolds
  6 rats
  A spectral orc (D:2)
79 creatures vanquished.

Notes
Turn   | Place    | Note
--------------------------------------------------------------
     0 | D:1      | Aelig, the Tengu Wizard, began the quest for the Orb.
     0 | D:1      | Reached XP level 1. HP: 10/10 MP: 4/4
   402 | D:2      | Reached XP level 2. HP: 9/15 MP: 7/7
  1411 | D:1      | Reached XP level 3. HP: 19/19 MP: 3/8
  1581 | D:2      | Found a basalt altar of Yredelemnul.
  1967 | D:2      | Learned a level 2 spell: Blink
  1970 | D:2      | Learned a level 2 spell: Repel Missiles
  1982 | D:2      | Found a sparkling altar of Nemelex Xobeh.
  2057 | D:2      | Reached skill level 4 in Stealth
  2549 | D:2      | Noticed Robin
  2775 | D:2      | Reached skill level 1 in Short Blades
  2856 | D:2      | Reached XP level 4. HP: 24/24 MP: 0/10
  3085 | D:2      | Found an iron altar of Okawaru.
  3477 | D:3      | Noticed Charly's ghost (weakling GrTm)
  3748 | D:4      | Noticed an ogre
  4783 | D:2      | Reached XP level 5. HP: 28/28 MP: 10/13
  4876 | D:2      | Slain by Robin

Action                   |  1- 3 |  4- 6 || total
-------------------------+-------+-------++-------
Melee: Unarmed           |    53 |       ||    53
       Dagger            |    19 |    43 ||    62
 Cast: Magic Dart        |   116 |   102 ||   218
       Repel Missiles    |     1 |       ||     1
  Use: Potion            |     1 |       ||     1
       Scroll            |       |     7 ||     7
 Stab: Sleeping          |     1 |       ||     1
  Eat: Chunk             |     6 |     5 ||    11
